 Dungeon Crawl Stone Soup version 0.31.0-9-g3a7656b989 (webtiles) character file.

Game seed: 18394795429924456258

2339 qw the Skirmisher (level 9, -6/51 HPs)
             Began as a Deep Elf Hunter on Feb 2, 2024.
             Was an Initiate of Okawaru.
             Incinerated by a bombardier beetle (7 damage)
             ... with a burning spray
             ... on level 6 of the Dungeon.
             The game lasted 00:00:27 (5421 turns).

qw the Skirmisher (Deep Elf Hunter)                 Turns: 5421, Time: 00:00:27

Health: -6/51      AC:  7    Str: 12    XL:     9   Next: 19%
Magic:  11/11      EV: 15    Int: 15    God:    Okawaru [......]
Gold:   208        SH:  0    Dex: 18    Spells: 8/8 levels left

rFire   . . .        j - +1 arbalest
rCold   + . .        (shield currently unavailable)
rNeg    . . .        d - +1 leather armour {rC+}
rPois   +            h - +1 helmet
rElec   .            i - +0 cloak
rCorr   .            (no gloves)
SInv    +            (no boots)
Will    +....        (no amulet)
Stlth   +            g - ring of see invisible
HPRegen 0.28/turn    (no ring)
MPRegen 0.12/turn

%: no passive effects
@: on fire, about to teleport, glowing
A: strong-willed 1, poison resistance
a: Renounce Religion


You were on level 6 of the Dungeon.
You worshipped Okawaru.
Okawaru was noncommittal.
You visited 2 branches of the dungeon, and saw 7 of its levels.
You also visited: Sewer.

You collected 208 gold pieces.


Innate Abilities, Weirdness & Mutations

You are strong-willed. (Will+)
Your system is resistant to poisons. (rPois)


   Skills:
 - Level 3.2 Fighting
 + Level 14.6 Ranged Weapons
 - Level 1.4 Armour
 - Level 6.0 Dodging
 - Level 1.2 Stealth


You had 8 spell levels left.
You didn't know any spells.
Your spell library was empty.

Inventory:

Hand Weapons
 j - a +1 arbalest (weapon)
Armour
 b - a +0 ring mail
 d - a +1 leather armour of cold resistance (worn)
 h - a +1 helmet (worn)
 i - a +0 cloak (worn)
Jewellery
 g - a ring of see invisible (left hand)
Wands
 f - a wand of paralysis (6)
 r - a wand of iceblast (12)
Potions
 c - 3 potions of mutation
 e - 2 potions of curing
 p - a potion of might {unknown}
 s - a potion of enlightenment {unknown}

Dungeon Overview and Level Annotations

Branches:
Dungeon (6/15)             Temple (1/1) D:6           Sewer (visited)

Altars:
Cheibriados
Dithmenos
Elyvilon
Fedhas
Gozag
Kikubaaqudgha
Makhleb
Okawaru
Qazlal
Ru
Trog
Uskayaw
Vehumet
Wu Jian
The Shining One

Shops:
D:3 [

Annotations:
D:4 2 transporters, qw's ghost, amateur SpHu
D:5 3 runed translucent doors, qw's ghost, amateur SpHu


Message History

The bullfrog completely misses you. The hound barely misses you.
The bullfrog completely misses you.
You shoot a bolt. The bolt hits the bullfrog!!
You kill the bullfrog!
Okawaru accepts your kill. The hound closely misses you.
The hound barely misses you.
You shoot a bolt.
The bolt hits the hound but does no damage.
The hound barely misses you.
The bombardier beetle sprays incendiary fluid at you.
The burning spray hits you.
You are covered in liquid fire!
The hound bites you.
You shoot a bolt. The bolt barely misses the hound.
The liquid fire burns you! The hound barely misses you. x2
You shoot a bolt. The bolt misses the hound.
The liquid fire burns you! The hound barely misses you.
You shoot a bolt. The bolt barely misses the hound.
The liquid fire burns you! The hound misses you. The hound barely misses you.
The bombardier beetle sprays incendiary fluid at you.
The burning spray misses you.
You shoot a bolt. The bolt barely misses the hound.
The liquid fire burns you! The hound barely misses you.
The hound bites you but does no damage.
You shoot a bolt. The bolt barely misses the hound.
The liquid fire burns you! The hound completely misses you.
The hound closely misses you.
5420 ||| READING scroll of teleportation.
As you read the scroll of teleportation, it crumbles to dust.
You feel strangely unstable. The liquid fire burns you! The hound bites you.
You shoot a bolt. The bolt hits the hound!!
You kill the hound!
Okawaru accepts your kill. The liquid fire burns you!
You die...

...... ...#..###
#.......## #.%.....#
##.......#
#......B.#
##........#
#....>..@.#
##........##
#.........#
#.........# .
#.........# #.#.....
#........## .#......
# #........#
.#...... .
##......####........
.
##.....###.#.....(.


You could see a bombardier beetle.

Vanquished Creatures
  Pikel (D:4)
  An ice beast (D:6)
  2 black bears
  An ogre (D:5)
  2 centaurs
  A lemure (D:4)
  3 kobold brigands (Sewer)
  2 brain worms (Sewer)
  4 necrophages (D:5)
  A bullfrog (D:6)
  3 scorpions
  A howler monkey (D:5)
  A centaur zombie (D:5)
  3 hounds (D:6)
  A jelly (D:6)
  2 orc priests
  Natasha (twice) (D:2)
  An orc wizard (D:6)
  A killer bee zombie (D:5)
  Robin (D:4)
  3 gnolls (D:2)
  11 adders
  3 river rats (Sewer)
  2 dart slugs
  A ribbon worm (D:3)
  6 orcs
  3 endoplasms
  A giant cockroach (D:2)
  7 goblins
  7 hobgoblins
  8 jackals
  3 quokkas
  10 ball pythons
  5 bats
  6 frilled lizards (Sewer)
  6 kobolds
  4 rats
120 creatures vanquished.

Notes
Turn   | Place    | Note
-------+----------+-------------------------------------------
     0 | D:1      | qw the Deep Elf Hunter began the quest for the Orb.
     0 | D:1      | Reached XP level 1. HP: 12/12 MP: 3/3
     0 | D:1      | 0 ||| qw: Version: 0.3-a-155-g5e7d8dd
     0 | D:1      | 0 ||| qw: Game counter: 2733
     0 | D:1      | 0 ||| qw: Melee chars always use a shield: true
     0 | D:1      | 0 ||| qw: God list: Okawaru
     0 | D:1      | 0 ||| qw: Allow faded altars: false
     0 | D:1      | 0 ||| qw: Do Orc after clearing Dungeon:15 true
     0 | D:1      | 0 ||| qw: Do second Lair branch before Depths: true
     0 | D:1      | 0 ||| qw: Lair rune preference: random
     0 | D:1      | 0 ||| qw: Goals: Normal
     0 | D:1      | 0 ||| PLANNING D:1-11
   234 | D:1      | Reached XP level 2. HP: 16/16 MP: 4/4
   392 | D:1      | Reached skill level 6 in Ranged Weapons
   880 | D:1      | 880 ||| DROPPING ring of magical power.
   881 | D:1      | 881 ||| READING scroll labelled JELOMU PITU.
   882 | D:1      | 882 ||| READING scroll labelled HECHUE CEUMISH.
   883 | D:1      | 883 ||| READING scroll labelled RAEREC FAXICZA.
   888 | D:1      | 888 ||| DRINKING 2 fizzy inky potions.
   925 | D:1      | 925 ||| DRINKING 2 puce potions.
   926 | D:1      | 926 ||| DROPPING scroll of butterflies.
   927 | D:1      | 927 ||| DROPPING potion of lignification.
   928 | D:1      | 928 ||| DROPPING potion of attraction.
   982 | D:2      | Found a faded altar of an unknown god.
  1013 | D:2      | HP: 4/16 [poisoned by an adder]
  1091 | D:2      | Reached XP level 3. HP: 20/20 MP: 5/5
  1200 | D:2      | Noticed Natasha
  1206 | D:2      | Killed Natasha
  1207 | D:2      | Reached skill level 7 in Ranged Weapons
  1211 | D:2      | Noticed Natasha
  1218 | D:2      | Killed Natasha
  1219 | D:2      | Reached XP level 4. HP: 18/25 MP: 6/6
  1244 | D:2      | Reached skill level 8 in Ranged Weapons
  1435 | D:2      | 1435 ||| UPGRADING to +0 ring mail.
  1445 | D:2      | 1445 ||| DROPPING +0 leather armour.
  1446 | D:2      | 1446 ||| UPGRADING to +1 leather armour of cold resistance.
  1456 | D:2      | 1456 ||| UPGRADING to +0 cloak.
  1461 | D:2      | 1461 ||| UPGRADING to ring of poison resistance.
  1462 | D:2      | 1462 ||| READING scroll labelled FATRULLODU.
  1463 | D:2      | 1463 ||| READING scroll labelled MOPTESEKY ALAY.
  1464 | D:2      | 1464 ||| DRINKING 2 purple potions.
  1499 | D:3      | 1499 ||| PLANNING SEWER
  1501 | D:3      | 1501 ||| STAIRDANCE
  1509 | D:3      | 1509 ||| STAIRDANCE
  1615 | D:3      | Reached XP level 5. HP: 29/29 MP: 7/7
  1847 | D:3      | Found Hodghamam's Armour Shop.
  1853 | D:3      | 1853 ||| SHOPLISTING +1 robe of fire resistance (165 gold,
                  | have 136).
  1853 | D:3      | 1853 ||| SHOPLISTING +2 scale mail of cold resistance (273
                  | gold, have 136).
  1875 | D:3      | Found a glowing drain.
  1876 | D:3      | 1876 ||| UPGRADING to +0 helmet.
  1881 | D:3      | 1881 ||| READING scroll labelled BOGOHY GAYMOOPRUEL.
  1881 | D:3      | 1881 ||| IDENTIFYING metallic orange potion
  1896 | Sewer    | Entered a sewer
  1965 | Sewer    | Reached skill level 9 in Ranged Weapons
  1975 | Sewer    | Reached skill level 3 in Dodging
  2005 | Sewer    | Reached XP level 6. HP: 35/35 MP: 8/8
  2349 | Sewer    | Reached skill level 10 in Ranged Weapons
  2349 | Sewer    | Reached XP level 7. HP: 24/40 MP: 9/9
  2832 | Sewer    | 2832 ||| READING scroll labelled LEATIWUCEI.
  2832 | Sewer    | 2832 ||| ENCHANTING +0 helmet.
  2833 | Sewer    | 2833 ||| READING scroll labelled QEVEME KYZUCU.
  2833 | Sewer    | 2833 ||| ENCHANTING +0 shortbow.
  2834 | Sewer    | 2834 ||| DRINKING 2 bubbling silvery potions.
  2834 | Sewer    | Gained mutation: You are strong-willed. (Will+) [potion of
                  | mutation]
  2834 | Sewer    | Gained mutation: Your system is resistant to poisons.
                  | (rPois) [potion of mutation]
  2835 | Sewer    | 2835 ||| REMOVING ring of poison resistance.
  2836 | Sewer    | 2836 ||| DROPPING ring of poison resistance.
  2841 | D:3      | 2841 ||| PLANNING D:1-11
  2975 | D:4      | 2975 ||| RETREEEEATING.
  2976 | D:4      | 2976 ||| DRINKING potion of haste.
  3193 | D:4      | Found a bloodstained altar of Trog.
  3369 | D:4      | Noticed Robin
  3379 | D:4      | Killed Robin
  3380 | D:4      | Reached skill level 11 in Ranged Weapons
  3434 | D:4      | Noticed Pikel
  3442 | D:4      | 3442 ||| RETREEEEATING.
  3446 | D:4      | 3446 ||| ZAPPING wand of paralysis (7) at 0,-1 (Pikel;
                  | floor).
  3457 | D:4      | Killed Pikel
  3458 | D:4      | Reached skill level 12 in Ranged Weapons
  3458 | D:4      | Reached XP level 8. HP: 45/45 MP: 10/10
  3602 | D:4      | Noticed qw's ghost (amateur SpHu)
  3610 | D:4      | Found a transporter.
  3640 | D:4      | Found a transporter.
  3997 | D:4      | 3997 ||| READING 3 scrolls of identify.
  3997 | D:4      | 3997 ||| IDENTIFYING bubbling yellow potion
  3998 | D:4      | 3998 ||| READING 2 scrolls of identify.
  3998 | D:4      | 3998 ||| IDENTIFYING fuming blue potion
  3999 | D:4      | 3999 ||| READING scroll of identify.
  3999 | D:4      | 3999 ||| IDENTIFYING yellow potion
  4000 | D:4      | 4000 ||| READING scroll labelled EDUWOD ERHEUCW.
  4001 | D:4      | 4001 ||| READING scroll labelled FALEON FOAQ.
  4001 | D:4      | 4001 ||| BRANDING +1 shortbow.
  4002 | D:4      | 4002 ||| DROPPING potion of degeneration.
  4003 | D:4      | 4003 ||| DROPPING potion of invisibility.
  4033 | D:5      | Entered Level 5 of the Dungeon
  4062 | D:5      | 4062 ||| SWAPPING to +0 arbalest.
  4063 | D:5      | 4063 ||| DROPPING +1 heavy shortbow.
  4106 | D:5      | Reached skill level 3 in Fighting
  4173 | D:5      | 4173 ||| READING scroll of enchant weapon.
  4173 | D:5      | 4173 ||| ENCHANTING +0 arbalest.
  4201 | D:5      | Reached skill level 1 in Armour
  4264 | D:5      | Found a blossoming altar of Fedhas.
  4322 | D:5      | HP: 8/46 [centaur/arrow (5)]
  4322 | D:5      | HP: 2/46 [centaur/arrow (6)]
  4323 | D:5      | 4323 ||| READING 2 scrolls of teleportation.
  4324 | D:5      | 4324 ||| DRINKING potion of heal wounds.
  4506 | D:5      | Found a runed translucent gate.
  4506 | D:5      | Found a runed translucent gate.
  4506 | D:5      | Found a runed translucent gate.
  4512 | D:5      | Noticed qw's ghost (amateur SpHu)
  4610 | D:5      | Reached skill level 13 in Ranged Weapons
  4926 | D:5      | 4926 ||| UPGRADING to ring of see invisible.
  4927 | D:5      | 4927 ||| READING scroll of identify.
  4927 | D:5      | 4927 ||| IDENTIFYING sedimented ruby potion
  4928 | D:5      | 4928 ||| READING scroll labelled VAUBLEQIRI.
  5029 | D:5      | 5029 ||| DROPPING potion of brilliance.
  5140 | D:6      | Found a staircase to the Ecumenical Temple.
  5141 | D:6      | 5141 ||| PLANNING TEMPLE
  5146 | D:6      | Reached skill level 14 in Ranged Weapons
  5146 | D:6      | Reached XP level 9. HP: 44/51 MP: 11/11
  5146 | D:6      | 5146 ||| FLEEEEING.
  5177 | Temple   | Entered the Ecumenical Temple
  5178 | Temple   | 5178 ||| PLANNING D:1-11
  5216 | D:6      | Reached skill level 6 in Dodging
  5337 | D:6      | Found an iron altar of Okawaru.
  5338 | D:6      | 5338 ||| PLANNING OKAWARU WORSHIP
  5338 | D:6      | 5338 ||| READING scroll of identify.
  5338 | D:6      | 5338 ||| IDENTIFYING metallic golden potion
  5339 | D:6      | 5339 ||| DROPPING potion of ambrosia.
  5342 | D:6      | Became a worshipper of Warmaster Okawaru
  5343 | D:6      | 5343 ||| PLANNING D:1-11
  5418 | D:6      | HP: 12/51 [burnt (8)]
  5420 | D:6      | 5420 ||| READING scroll of teleportation.
  5420 | D:6      | HP: 4/51 [burnt (4)]
  5420 | D:6      | HP: 1/51 [hound (3)]
  5421 | D:6      | Incinerated by a bombardier beetle

Levels and vault maps discovered:
D:1:      matt_arrival_grand_opening, layout_loops_corners,
          nicolae_eternal_life, minmay_shallow_snake_nest
D:2:      wander_river, layout_rooms, basic_ecumenical_altar, hex_medium,
          uniq_natasha
D:3:      layout_basic, cheibrodos_sewer_entry_bend, serial_shops, shop,
          minmay_misc_feat_room
D:4:      layout_basic, bloody_trog, gammafunk_ghost_stat_death, uniq_pikel,
          uniq_robin
D:5:      layout_loops_cross, fedhas_altar_decomposition,
          gammafunk_ghost_necromancy, minmay_misc_feat_pillars
D:6:      layout_cave_pods, kennysheep_mini_moat, minmay_temple_entry_grid,
          serial_park, serial_park_paths [serial_park_minivault_5x5_2],
          serial_park_tiny_1, serial_park_square3 [serial_park_minivault_5x5_1],
          serial_park_tiny_2, serial_park_square1 [serial_park_minivault_5x5_3]
Temple:   chequers_temple_sunken

Skill      XL: |  1  2  3  4  5  6  7  8  9 |
---------------+----------------------------+-----
Ranged Weapons | 6 7 8 9 10 12 14 | 14.6
Dodging        | 3 4 5 6 |  6.0
Fighting       | 2 3 |  3.2
Armour         | 1 |  1.4
Stealth        | |  1.2

Action                     |  1- 3 |  4- 6 |  7- 9 || total
---------------------------+-------+-------+-------++-------
   Fire: Shortbow          |    63 |   204 |   115 ||   382
         Arbalest          |       |       |   111 ||   111
  Evoke: Wand              |       |       |     1 ||     1
    Use: Scroll            |     3 |     3 |    13 ||    19
         Potion            |     2 |     1 |     3 ||     6
 Armour: Leather armour    |    14 |    43 |    71 ||   128
  Dodge: Dodged            |    11 |    45 |    97 ||   153

Table legend:
 A = Non-vault XP
 B = Vault XP
 C = Vault XP percentage of total XP
 D = Non-vault monster count
 E = Vault monster count
 F = Vault count percentage of total count
                 A         B        C        D         E       F
            +---------+---------+-------+---------+---------+-------
      Total |    1336 |    2049 |  60.5 |      69 |      50 |  42.0
            +---------+---------+-------+---------+---------+-------
        D:1 |      23 |       2 |   8.0 |      12 |       2 |  14.3
        D:2 |     104 |      36 |  25.7 |      11 |       1 |   8.3
        D:3 |      63 |       4 |   6.0 |      19 |       1 |   5.0
        D:4 |     202 |     645 |  76.2 |      10 |       8 |  44.4
        D:5 |     603 |     430 |  41.6 |       8 |       6 |  42.9
        D:6 |     341 |     343 |  50.1 |       9 |       4 |  30.8
      Sewer |       0 |     589 | 100.0 |       0 |      28 | 100.0
            +---------+---------+-------+---------+---------+-------
